Map: Абиогенез РВ

Players

ELESTRAGO - Winner!

  • Race: Terran Terran
  • League: Master
  • Spawn Location: 5:00

IIIIIIIIIIII

  • Race: Protoss Protoss
  • League: Master
  • Spawn Location: 11:00

VOD

Have the link to the VOD?

Description

Time

  • Played on: Jan. 22, 2018, 8:34 a.m.
  • Length: 15:39
Show
View Real Time Build Order
Export as new Build Order

ELESTRAGO Terran - Winner!

Build Orders: Reaper Expand, MMM Bio 

Get SALT Encoding   

  12  0:00  SCV  
  13  0:13  SCV  
  14  0:18  Supply Depot  
  14  0:26  SCV  
  15  0:29  Refinery  
  15  0:39  SCV  
  16  0:46  Barracks  
  16  0:51  SCV  
  17  1:03  SCV  
  18  1:15  SCV  
  19  1:33  Orbital Command, Reaper  
  20  1:45  Command Center  
  20  1:58  Factory  
  20  2:00  SCV  
  21  2:07  Barracks Reactor  
  21  2:13  Supply Depot  
  21  2:14  SCV  
  22  2:22  Barracks  
  22  2:26  SCV  
  23  2:31  Refinery  
  23  2:41  SCV  
  23  2:44  Marine x2  
  23  2:47  Factory Tech Lab  
  25  2:53  SCV  
  25  2:57  Orbital Command  
  26  3:02  Marine x2  
  28  3:06  Siege Tank  
  28  3:10  SCV  
  28  3:12  Barracks Tech Lab  
  32  3:19  Marine  
  32  3:20  Marine  
  32  3:22  SCV  
  35  3:29  SCV  
  36  3:34  SCV  
  36  3:36  Combat Shields  
  36  3:37  Supply Depot  
  36  3:38  Marine  
  36  3:39  Marine  
  39  3:44  Marine  
  39  3:48  Siege Tank  
  43  3:50  SCV  
  43  3:52  SCV  
  45  3:59  Supply Depot  
  45  4:02  Marine x3  
  48  4:04  SCV  
  48  4:06  SCV  
  50  4:11  Supply Depot  
  50  4:15  Engineering Bay  
  50  4:25  SCV  
  50  4:28  Marine  
  50  4:29  Marine x2  
  54  4:38  Factory Reactor  
  54  4:40  SCV x2  
  54  4:42  Starport  
  54  4:43  Terran Infantry Weapons Level 1  
  56  4:46  Marine x2  
  56  4:52  SCV x2  
  60  4:56  Barracks  
  60  5:00  Stimpack  
  60  5:04  SCV x2  
  62  5:15  Bunker  
  62  5:17  Bunker  
  62  5:22  Marine x3  
  61  5:34  Bunker  
  61  5:35  SCV x2  
  62  5:41  Supply Depot  
  62  5:43  Marine x3, Refinery x2, Factory Reactor  
  62  5:44  Concussive Shells, Supply Depot  
  62  5:47  SCV x2  
  67  5:57  Bunker  
  67  5:59  SCV x2  
  67  6:02  Marine x4  
  67  6:04  Medivac x2  
  67  6:11  SCV x2  
  67  6:19  Marine  
  67  6:20  Marine  
  67  6:21  Widow Mine x2  
  67  6:23  SCV  
  67  6:24  Bunker  
  67  6:26  SCV, Bunker  
  67  6:32  Supply Depot  
  68  6:35  SCV  
  68  6:37  Terran Infantry Armor Level 1  
  68  6:38  Marine  
  68  6:39  Marine x3  
  73  6:42  SCV, Widow Mine, Supply Depot  
  73  6:43  Widow Mine  
  78  6:48  SCV  
  78  6:54  SCV  
  80  7:00  SCV  
  81  7:07  Marine x4  
  85  7:11  SCV  
  85  7:12  SCV  
  74  7:26  SCV, Liberator x2  
  73  7:38  Marine x2  
  73  7:39  Marauder x2, Widow Mine x2  
  86  7:45  SCV  
  86  7:46  SCV  
  88  7:52  Barracks, Command Center  
  88  7:53  Barracks  
  88  7:58  SCV x2  
  90  8:00  Marauder x2, Marine x2  
  90  8:03  Widow Mine x2  
  100  8:10  SCV x2  
  100  8:12  Supply Depot  
  102  8:13  Supply Depot  
  102  8:14  Missile Turret, Engineering Bay  
  102  8:16  Armory  
  102  8:18  Marine  
  103  8:22  Marauder, Marine x2  
  103  8:25  Widow Mine  
  109  8:29  SCV  
  110  8:35  Marine  
  110  8:37  Widow Mine  
  110  8:40  Marine, Barracks Tech Lab, Barracks Reactor  
  110  8:41  Marauder  
  116  8:43  Marauder  
  116  8:46  SCV x2  
  120  8:53  Marine  
  120  8:58  Marine, SCV  
  120  9:01  Marine  
  120  9:02  Marine  
  119  9:03  Orbital Command  
  119  9:04  Marauder  
  114  9:15  Liberator  
  101  9:28  SCV x2  
  101  9:29  Supply Depot  
  106  9:41  Marine x4  
  106  9:43  Marine x3  
  110  9:48  Missile Turret  
  110  9:50  Planetary Fortress  
  110  9:56  Liberator  
  110  9:58  Liberator  
  110  9:59  SCV x2, Terran Infantry Weapons Level 2  
  112  10:00  Terran Infantry Armor Level 2  
  115  10:20  Marine x4  
  115  10:21  Marine x3  
  121  10:37  SCV  
  121  10:38  Ghost Academy, SCV x2  
  121  10:39  Refinery, Liberator  
  121  10:40  Refinery  
  121  10:41  Liberator  
  114  10:43  Marine x4  
  114  10:44  Marine x3  
  114  10:45  Widow Mine  
  114  10:49  Missile Turret  
  118  10:53  Supply Depot  
  121  10:57  Supply Depot  
  122  11:31  Marine  
  122  11:32  Marauder  
  115  11:33  Ghost, Marine  
  115  11:34  Marauder, Marine x2  
  115  11:39  Medivac  
  111  11:40  Moebius Reactor, Terran Ship Weapons Level 1  
  111  11:41  Barracks, Medivac  
  111  11:44  Barracks x2  
  108  11:49  Marine, SCV x2  
  108  11:51  Marine  
  108  11:52  Ghost, Command Center  
  114  11:55  Marauder  
  114  11:57  Marine  
  114  11:58  Marine  
  118  12:03  SCV x2  
  120  12:11  Medivac x2  
  124  12:26  Supply Depot x2  
  124  12:28  Terran Infantry Armor Level 3  
  124  12:29  Barracks Tech Lab  
  124  12:32  Barracks Tech Lab  
  124  12:40  Terran Infantry Weapons Level 3  
  124  12:46  Refinery  
  124  12:49  Refinery, Supply Depot x2  
  119  13:10  Ghost x3  
  119  13:11  Marine x3, Barracks Tech Lab  
  130  13:12  Widow Mine x2  
  113  13:30  Liberator x2  
  112  13:37  Ghost  
  112  13:38  Ghost x2  
  112  13:39  Marine x3  
  112  13:40  Marauder, Marine  
  126  13:54  Orbital Command  
  126  13:55  SCV x2  
  127  14:15  Marine  
  127  14:16  Marauder  
  130  14:21  Ghost  
  130  14:22  Ghost, Marine x3  
  130  14:23  Widow Mine x2  
  141  14:27  Marine  
  141  14:28  Marauder  
  135  14:40  Ghost x2, Marine x2  
  143  14:45  Marauder  
Show
View Real Time Build Order
Export as new Build Order

IIIIIIIIIIII Protoss 

Build Orders: 1 Gate Expand, Zealot Archon 

Get SALT Encoding   

  12  0:02  Probe  
  13  0:14  Probe  
  14  0:20  Pylon  
  14  0:26  Probe  
  15  0:38  Gateway, Probe (Chrono Boost)  
  17  0:50  Probe (Chrono Boost)  
  17  0:56  Probe (Chrono Boost)  
  18  1:04  Probe  
  18  1:07  Assimilator  
  19  1:22  Nexus  
  19  1:31  Cybernetics Core  
  19  1:35  Probe (Chrono Boost)  
  20  1:41  Pylon  
  21  1:47  Probe (Chrono Boost)  
  21  1:49  Assimilator  
  21  1:55  Probe (Chrono Boost)  
  22  2:02  Probe  
  22  2:07  Stalker (Chrono Boost)  
  25  2:14  Probe  
  26  2:16  Warp Gate  
  26  2:26  Probe  
  27  2:31  Stalker (Chrono Boost)  
  29  2:42  Probe (Chrono Boost)  
  29  2:43  Probe (Chrono Boost)  
  33  2:51  Probe (Chrono Boost)  
  33  2:53  Probe (Chrono Boost), Forge  
  33  2:56  Probe (Chrono Boost)  
  33  2:58  Twilight Council  
  34  3:03  Probe (Chrono Boost)  
  35  3:05  Stalker  
  38  3:13  Probe (Chrono Boost)  
  38  3:15  Probe (Chrono Boost)  
  38  3:18  Protoss Ground Weapons Level 1  
  39  3:21  Probe (Chrono Boost)  
  39  3:22  Probe (Chrono Boost)  
  41  3:31  Probe, Assimilator  
  41  3:32  Probe  
  43  3:34  Assimilator  
  43  3:37  Pylon  
  43  3:40  Charge (Chrono Boost)  
  43  3:43  Probe  
  44  3:51  Probe  
  45  3:55  Probe  
  45  3:57  Gateway  
  45  3:58  Gateway  
  45  4:02  Gateway  
  46  4:03  Probe  
  46  4:07  Probe  
  48  4:17  Probe  
  48  4:20  Probe  
  50  4:27  Stalker  
  50  4:29  Probe  
  53  4:36  Shield Battery  
  53  4:37  Shield Battery  
  51  4:39  Pylon  
  51  4:40  Gateway  
  51  4:48  Pylon  
  51  4:50  Pylon  
  51  4:54  Zealot  
  51  4:58  Zealot x3  
  59  5:06  Gateway  
  59  5:07  Gateway  
  59  5:08  Templar Archives  
  59  5:12  Protoss Ground Weapons Level 2 (Chrono Boost)  
  59  5:14  Pylon  
  59  5:15  Zealot  
  55  5:30  Zealot x3  
  57  5:36  Zealot  
  59  5:44  Zealot  
  61  5:51  High Templar  
  61  5:52  High Templar x2  
  62  6:05  Archon  
  62  6:06  Zealot  
  62  6:07  Zealot x3  
  60  6:25  High Templar x3  
  64  6:27  High Templar  
  64  6:28  Zealot  
  64  6:29  Zealot x2, Psionic Storm  
  64  6:30  Nexus  
  64  6:31  Archon  
  64  6:32  Pylon, Archon  
  74  6:38  Pylon  
  74  6:39  Pylon  
  74  6:53  Zealot x3  
  80  6:57  Zealot  
  80  6:58  Zealot x2  
  80  7:00  High Templar  
  66  7:29  Zealot x5  
  66  7:30  Zealot  
  66  7:32  Protoss Ground Weapons Level 3 (Chrono Boost)  
  58  7:43  Probe (Chrono Boost)  
  59  7:45  Probe (Chrono Boost)  
  61  7:54  Probe x2 (Chrono Boost), High Templar x3  
  61  7:55  Probe (Chrono Boost)  
  61  7:56  Zealot x2  
  61  7:58  Archon  
  73  7:59  Probe (Chrono Boost)  
  73  8:00  Probe (Chrono Boost)  
  73  8:01  Probe (Chrono Boost)  
  76  8:09  Probe, Zealot  
  76  8:10  Zealot  
  76  8:11  Probe  
  82  8:12  Probe  
  82  8:18  Assimilator  
  83  8:21  Zealot x2  
  83  8:22  Assimilator  
  83  8:23  Probe  
  83  8:25  Probe  
  83  8:27  Pylon  
  89  8:33  Zealot x4  
  89  8:34  Zealot  
  78  9:11  Stalker x3  
  78  9:12  Stalker x4  
  88  9:25  Probe  
  86  9:31  Probe  
  86  9:38  Probe (Chrono Boost)  
  85  9:46  Probe (Chrono Boost)  
  85  9:47  Probe (Chrono Boost)  
  85  9:50  High Templar  
  85  9:51  High Templar x5  
  99  9:54  Archon  
  99  9:55  Probe (Chrono Boost), Archon x2  
  99  9:56  Probe (Chrono Boost)  
  100  10:01  Probe x2 (Chrono Boost), Protoss Ground Armor Level 1  
  102  10:13  Probe x2  
  90  10:21  Stalker  
  90  10:23  Stalker x4  
  90  10:24  Stalker  
  90  10:25  Probe (Chrono Boost)  
  99  10:37  Probe (Chrono Boost), Zealot  
  101  10:50  Pylon  
  101  10:55  Pylon  
  101  10:58  Pylon x2  
  101  11:07  Probe (Chrono Boost)  
  101  11:09  Probe x2 (Chrono Boost)  
  104  11:16  Probe  
  105  11:20  Probe x2  
  107  11:28  Probe  
  107  11:32  Probe  
  67  11:41  Probe (Chrono Boost)  
  67  11:44  Protoss Ground Armor Level 2 (Chrono Boost)  
  67  11:46  Zealot x4  
  67  11:47  Zealot x3  
  52  11:48  Probe (Chrono Boost)  
  59  11:57  Probe x3 (Chrono Boost)  
  60  12:03  Probe  
  60  12:06  High Templar x2  
  60  12:07  High Templar x3  
  71  12:09  Zealot x2  
  71  12:11  Archon x2  
  76  12:15  Probe  
  76  12:16  Probe  
  77  12:24  Assimilator  
  77  12:27  Probe  
  77  12:28  Probe  
  79  12:32  Stalker x2  
  83  12:40  Zealot  
  83  12:41  Zealot x2  
  83  12:42  High Templar x2  
  93  12:51  Probe (Chrono Boost)  
  93  12:56  Stalker x2  
  98  13:01  Probe (Chrono Boost)  
  98  13:04  Zealot x3  
  105  13:10  Archon  
  73  13:28  Stalker x2  
  73  13:29  Stalker x5  
  73  13:34  Stalker x5  
  73  13:35  Stalker x2  
  72  13:58  Zealot x6  
  72  13:59  Zealot  
  86  14:11  Pylon  
  86  14:20  High Templar x5  
  86  14:21  High Templar  
  98  14:26  Nexus  
  98  14:28  Pylon  
  97  14:36  Zealot  
  93  14:46  Gateway  
  93  14:47  Gateway  
  93  14:50  Gateway  
  63  15:08  Archon x3  
  59  15:21  Zealot  
Tags
 
Add a new tag
Caveats
  • Supply blocks, unpowered buildings, or Contaminate may cause inaccurate times.
  • Supply counts are checked every 10 seconds.